Unix NetHack Version 3.7.0-59 Work-in-progress - last build Jun 21 2022 21:34:18 (82e59222e4b6558e33156aede0636042c14940b8,branch:master). Game began 2022-06-22 12:00:17, ended 2022-06-22 12:20:30. jannis, neutral male human Tourist -- --.-- ---- |....- |..| |.....---- ---*.-- |........-- |.....| |.......--------.....| -...............[...-- ----......----...<...------ --......................| |...G........##...^.--- | --..%--..--..|----..- |..h--.#|#--- ---.. ---@....# -- ..| |.....- - .---- -- --.................-- |...................| |.........- - -- .-- |..-------- | ---- Jannis the Sightseer St:11 Dx:10 Co:15 In:14 Wi:10 Ch:17 Neutral S:976 Dlvl:5 $:397 HP:0(46) Pw:15(15) AC:7 Exp:5 T:3583 Burdened Latest messages: Phoibos bites it. It misses Phoibos. The gnomish wizard points at you, then curses. Phoibos bites it. The hobbit hits! The gnomish wizard points all around, then curses. The gnomish wizard points at you, then curses. What do you want to drink? [krEW or ?*] ? You feel much better. Phoibos eats a gnome lord corpse. The hobbit misses! The gnomish wizard casts a spell at you! Your brain is on fire! What do you want to zap? [cOS or ?*] ? In what direction? n The hobbit hits! The gnomish wizard points all around, then curses. The gnomish wizard points all around, then curses. The hobbit hits! The gnomish wizard points all around, then curses. The gnomish wizard points at you, then curses. The gnome throws a dagger! You are hit! The gnomish wizard casts a spell at you! You get a slight headache. The gnome throws a dagger! You are hit. In what direction? k You kill the gnomish wizard! Welcome to experience level 5. In what direction? k You kill the gnome! The hobbit throws a runed dagger! You are hit! You see here a runed dagger. You hear some noises in the distance. The gnome throws a dagger! You are hit. The gnome throws a dagger! You are hit. In what direction? k You kill the gnome! You have a little trouble lifting k - a runed dagger. You have a little trouble lifting p - 2 daggers. The hobbit wields 2 daggers! In what direction? k The dart hits it. The hobbit hits! You die... Do you want your possessions identified? [ynq] (y) q Major events: Turn 1: jannis the neutral male human Tourist entered the dungeon 1560: attained the rank of Sightseer (level 3) 2824: entered the Gnomish Mines 3583: killed by a hobbit Inventory: Coins $ - 397 gold pieces Weapons a - 15 +2 darts (at the ready) I - a corroded +2 dart p - 2 +1 daggers Y - 4 +0 daggers (wielded) k - a +2 elven dagger u - 2 +0 orcish daggers T - a +0 axe R - a +0 dwarvish short sword Armor V - a cursed +0 dwarvish iron helm U - a blessed +0 orcish helm (being worn) t - an uncursed +0 orcish helm z - an uncursed +0 orcish helm d - an uncursed +0 pair of iron shoes (being worn) g - an uncursed +0 pair of iron shoes i - an uncursed +0 pair of iron shoes h - an uncursed +0 dwarvish roundshield j - an uncursed +0 dwarvish cloak o - an uncursed +0 dwarvish cloak n - an uncursed +0 Hawaiian shirt with a hibiscus flower motif (being worn) Comestibles X - an uncursed cream pie b - 2 uncursed food rations N - 2 uncursed lembas wafers f - an uncursed sprig of wolfsbane e - 2 uncursed tripe rations Scrolls K - a blessed scroll of create monster P - a cursed scroll of create monster L - an uncursed scroll of destroy armor F - 3 uncursed scrolls of enchant armor Q - a blessed scroll of fire x - an uncursed scroll of fire J - an uncursed scroll of identify m - a blessed scroll of magic mapping l - 4 uncursed scrolls of magic mapping Potions W - a blessed potion of full healing E - an uncursed potion of gain ability r - an uncursed potion of invisibility Wands c - a wand of digging (0:3) O - a wand of light (0:6) S - a wand of probing (0:7) Tools B - an empty uncursed sack H - an empty uncursed sack s - a bag of tricks (0:14) C - an uncursed credit card Z - an expensive camera (0:55) D - a cursed tallow candle M - an uncursed tin whistle Gems/Stones w - an uncursed agate stone G - a cursed jacinth stone Jannis the Tourist's attributes: Background: You were a Sightseer, a level 5 male human Tourist. You were neutral, on a mission for The Lady who was opposed by Blind Io (lawful) and Offler (chaotic). You were in the Gnomish Mines, on level 5. You entered the dungeon 3583 turns ago. You had 189 experience points, 131 more were needed to attain level 6. Your score was 976 before end-of-game adjustments. Basics: You had 0 out of 46 hit points. You had all 15 energy points (spell power). Your armor class was 7. Your wallet contained 397 zorkmids. Autopickup was on for '?!/"=$' plus thrown. Final Characteristics: Your strength was 11 (limit:18/100). Your dexterity was 10 (limit:18). Your constitution was 15 (limit:18). Your intelligence was 14 (limit:18). Your wisdom was 10 (limit:18). Your charisma was 17 (limit:18). Final Status: You were not hungry. You were burdened; movement was slightly slowed. You were wielding daggers. You had basic skill with dagger. Final Attributes: You were piously aligned. You were telepathic. You are dead. Miscellaneous: You never encountered a bones level. Total elapsed playing time was 20 minutes and 11 seconds. Vanquished creatures: a leprechaun 4 gnome leaders a gnomish wizard a gray ooze 2 floating eyes 4 dwarves a dwarf zombie a werejackal 4 iguanas 2 acid blobs a gas spore a large kobold 4 giant rats 2 cave spiders a yellow mold a green mold a red mold 10 gnomes 3 garter snakes a gnome zombie 3 jackals 2 foxes 6 goblins 4 sewer rats 2 grid bugs 4 kobold zombies 7 newts 74 creatures vanquished. No species were genocided or became extinct. Voluntary challenges: You read items or engraved 7 times. You engraved Elbereth 2 times. You never genocided any monsters. You never polymorphed an object. You never changed form. You used no wishes. Achievements: You entered a shop. You attained the rank of Sightseer. You entered the Gnomish Mines. The Dungeons of Doom: levels 1 to 4 Level 1: Level 2: An altar to The Lady, a fountain. Stairs down to The Gnomish Mines. Level 3: Level 4: A general store. The Gnomish Mines: levels 3 to 5 Level 3: Level 4: Level 5: <- You were here. Final resting place for you, killed by a hobbit. Game over: ---------- / \ / REST \ / IN \ / PEACE \ / \ | jannis | | 397 Au | | killed by a | | hobbit | | | | | | 2022 | *| * * * | * _________)/\\_//(\/(/\)/\//\/|_)_______ Aloha jannis the Tourist... You died in The Gnomish Mines on dungeon level 5 with 976 points, and 397 pieces of gold, after 3583 moves. You were level 5 with a maximum of 46 hit points when you died.